[Event "Titled Tuesday Blitz December 7 2021"]
[White "Demchenko, Anton"]
[Black "Preotu, Razvan"]
[WhiteFideId "4160258"]
[BlackFideId "2613280"]
[WhiteElo "2531"]
[BlackElo "2407"]
[Result "1/2-1/2"]
[Round "09"]
[TimeControl "180+1"]
[Date "2021.12.07"]
[WhiteClock "0:00:09"]
[BlackClock "0:00:08"]

1. e4 c5 2. Nf3 d6 3. d4 cxd4 4. Nxd4 Nf6 5. Nc3 a6 6. a4 e5 7. Nf3 Be7 8. Bg5 Be6 9. Bxf6 Bxf6 10. Nd5 Nc6 11. Bc4 Rc8 12. O-O Ne7 13. Nxf6+ gxf6 14. Bxe6 fxe6 15. Qe2 O-O 16. Rfd1 Qc7 17. c3 Ng6 18. g3 f5 19. exf5 Rxf5 20. Nd2 d5 21. f3 Qb6+ 22. Kg2 Qxb2 23. Rab1 Qxc3 24. Rxb7 Qc2 25. Qxa6 Qxd1 26. Qxe6+ Kh8 27. Qxc8+ Rf8 28. Qc3 Qe2+ 29. Kh3 Rg8 30. Rf7 d4 31. Qb4 Qe3 32. Ne4 Nf4+ 33. Rxf4 exf4 34. Qd6 Qxf3 35. Qf6+ Rg7 36. Qd8+ Rg8 37. Qxd4+ Rg7 38. Qd8+ Rg8 39. Qf6+ Rg7 40. Qxf4 Qxf4 41. gxf4 Ra7 42. Nc3 Rc7 43. Nd5 Rc5 44. Nf6 Ra5 45. Kg4 Rxa4 46. h4 Kg7 47. Nh5+ Kf7 48. Ng3 Ra5 49. Ne4 h5+ 50. Kf3 Kg6 51. Ng3 Ra3+ 52. Kg2 Ra5 53. f5+ Rxf5 54. Nxf5 Kxf5 55. Kf3 Ke5 56. Ke3 Kf5 57. Kf3 Ke5 58. Ke3 Kf5 59. Kf3 1/2-1/2


[Site "https://www.chess.com"]

[Event "Titled Tuesday Blitz December 7 2021"]
[White "Devaev, Alexander"]
[Black "Harshavardhan G B"]
[WhiteFideId "4169395"]
[BlackFideId "25059009"]
[WhiteElo "2185"]
[BlackElo "1825"]
[Result "0-1"]
[Round "09"]
[TimeControl "180+1"]
[Date "2021.12.07"]
[WhiteClock "0:01:00"]
[BlackClock "0:02:13"]

1. d4 c5 2. d5 Nf6 3. c4 d6 4. Nc3 g6 5. e4 Bg7 6. h3 O-O 7. Nf3 a6 8. a4 e5 9. Bg5 Nbd7 10. a5 h6 11. Be3 Nh5 12. Nh2 Qe8 13. Qd2 Kh7 14. Qc2 f5 15. Be2 Nf4 16. Bf1 Nf6 17. g3 Nxe4 18. Nxe4 fxe4 19. gxf4 exf4 20. Bd2 e3 21. Bc3 Bf5 22. Bd3 exf2+ 23. Kxf2 Qe3+ 24. Kg2 Qxh3+ 25. Kf2 Qe3+ 26. Kg2 Bh3# 0-1


[Site "https://www.chess.com"]

[Event "Titled Tuesday Blitz December 7 2021"]
[White "Diaz Camallonga, Carles"]
[Black "Druska, Juraj"]
[WhiteFideId "22235256"]
[BlackFideId "14915650"]
[WhiteElo "2438"]
[BlackElo "2369"]
[Result "0-1"]
[Round "09"]
[TimeControl "180+1"]
[Date "2021.12.07"]
[WhiteClock "0:00:08"]
[BlackClock "0:00:20"]

1. d4 Nf6 2. Nf3 c5 3. d5 e6 4. Nc3 d6 5. e4 exd5 6. exd5 g6 7. Bb5+ Nbd7 8. O-O a6 9. Re1+ Be7 10. Bf1 O-O 11. a4 Re8 12. a5 Bf8 13. Rxe8 Qxe8 14. Bf4 b5 15. axb6 Nxb6 16. Qd2 Bb7 17. Bg3 Nfxd5 18. Re1 Qd7 19. Nxd5 Bxd5 20. Ng5 a5 21. c4 Bc6 22. Ne4 Bxe4 23. Rxe4 d5 24. cxd5 Qxd5 25. Qxd5 Nxd5 26. Bc4 Nb6 27. Bb5 a4 28. Bc7 Nd5 29. Be5 a3 30. bxa3 Rxa3 31. g3 Nc3 32. Bxc3 Rxc3 33. Bc4 Kg7 34. Bd5 Rd3 35. Bc4 Rd7 36. Kg2 Be7 37. h4 Bf6 38. h5 Bd4 39. hxg6 hxg6 40. Re2 Rb7 41. Ra2 f5 42. Rc2 Rb4 43. Kf3 Kf6 44. Kg2 Ra4 45. Bb3 Ra3 46. Bc4 g5 47. Re2 Rc3 48. Bd5 g4 49. Re6+ Kg5 50. Re2 Rc1 51. Bb3 c4 52. Rc2 Rxc2 53. Bxc2 Kf6 54. Kf1 Ke5 55. Ke2 Bc5 56. Bb1 Bb6 57. Bc2 Ba7 58. Bb1 Bd4 59. Bc2 f4 60. gxf4+ Kxf4 61. Bb1 Bc3 62. Bc2 Bb4 63. Bb1 Ba5 64. Bc2 Bb6 65. Bb1 Kg5 66. Be4 Kh4 67. Kf1 Kh3 68. Kg1 g3 69. Bf5+ Kh4 70. Kg2 Bxf2 71. Kf3 Kg5 72. Be4 Kf6 73. Bd5 c3 74. Be4 Ke5 75. Bc2 Kd4 76. Bb1 Kc4 77. Bc2 Kb4 78. Ke2 Ka3 79. Be4 Kb2 80. Kd1 g2 0-1


[Site "https://www.chess.com"]

[Event "Titled Tuesday Blitz December 7 2021"]
[White "Dilmukhametov, Artur"]
[Black "Baskin, Robert"]
[WhiteFideId "24179922"]
[BlackFideId "24662402"]
[WhiteElo "2272"]
[BlackElo "2488"]
[Result "0-1"]
[Round "09"]
[TimeControl "180+1"]
[Date "2021.12.07"]
[WhiteClock "0:00:16"]
[BlackClock "0:00:05"]

1. d4 Nf6 2. Nc3 d5 3. Bf4 c5 4. e3 cxd4 5. exd4 a6 6. Nf3 Nc6 7. Qd2 Bf5 8. Bd3 Bxd3 9. Qxd3 e6 10. Ne5 Rc8 11. O-O Bd6 12. Ne2 O-O 13. c3 Bxe5 14. dxe5 Nd7 15. Qg3 Qb6 16. Bh6 g6 17. Bxf8 Rxf8 18. b3 Ndxe5 19. Rad1 Nd7 20. h4 Nf6 21. Qf4 Ne4 22. h5 Qa5 23. h6 Nxc3 24. Ng3 Nxd1 25. Rxd1 Qc3 26. Qg5 Qe5 27. Qd2 Rc8 28. Re1 Qf6 29. Re3 Ne5 30. Qe1 Ng4 31. Rf3 Qg5 32. Qb4 Rc1+ 33. Nf1 Qxh6 34. Qxg4 Qd2 35. Re3 d4 36. Re4 d3 37. Qh4 Rxf1+ 38. Kxf1 Qc1+ 39. Re1 d2 40. Qd8+ Kg7 41. Qd4+ f6 42. Rxc1 dxc1=Q+ 43. Ke2 Qc7 44. a4 Qe5+ 45. Qxe5 fxe5 0-1


[Site "https://www.chess.com"]

[Event "Titled Tuesday Blitz December 7 2021"]
[White "Dmitrenko, Viktor"]
[Black "Stoyanov, Tsvetan"]
[WhiteFideId "14110270"]
[BlackFideId "2917173"]
[WhiteElo "2262"]
[BlackElo "2191"]
[Result "1-0"]
[Round "09"]
[TimeControl "180+1"]
[Date "2021.12.07"]
[WhiteClock "0:00:06"]
[BlackClock "0:00:10"]

1. d4 Nf6 2. Nf3 e6 3. c4 d5 4. Nc3 dxc4 5. e4 b5 6. e5 Nd5 7. Nxb5 Nb6 8. Be3 Qd7 9. Nc3 Nc6 10. a3 Be7 11. Nd2 Ba6 12. Qg4 O-O-O 13. Nf3 Nd5 14. Nxd5 Qxd5 15. Be2 g6 16. O-O f5 17. exf6 Bxf6 18. Rfc1 Na5 19. b4 Nb3 20. Rab1 Nxc1 21. Rxc1 Qf5 22. Qg3 Rd6 23. Nd2 Rhd8 24. Nxc4 Bxc4 25. Bxc4 R8d7 26. h3 Bxd4 27. Bf4 e5 28. Bh6 Rf6 29. Rf1 Qc2 30. Bb3 Bxf2+ 31. Rxf2 Rd1+ 32. Kh2 Qxf2 33. Bxd1 Qxg3+ 34. Kxg3 Rd6 35. Bg4+ Kb7 36. Be2 Kb6 37. Kf2 c5 38. Be3 Kc6 39. Bxc5 Rf6+ 40. Ke3 Rf4 41. Bf3+ Kb5 42. Be2+ Ka4 43. Bd6 Kxa3 44. b5+ Ka4 45. Bxe5 Rb4 46. Bd4 Rb3+ 47. Bd3 Ka3 48. Bxa7 Kb4 49. Bd4 Ka5 50. b6 Ka4 51. g4 Ka5 52. g5 Rb4 53. Be4 Rb3+ 54. Kf4 Ka6 55. b7 Rb4 56. Be5 Rxe4+ 57. Kxe4 Kxb7 58. Kd5 Kb6 59. Ke6 Kc5 60. Kf7 Kd5 61. Bf6 Ke4 62. Kg7 Kf4 63. Kxh7 Kf5 64. Kh6 Kf4 65. Kxg6 1-0


[Site "https://www.chess.com"]

[Event "Titled Tuesday Blitz December 7 2021"]
[White "Dolzhykova, Kateryna"]
[Black "Volkov, Maksim"]
[WhiteFideId "14113414"]
[BlackFideId "54123070"]
[WhiteElo "2094"]
[BlackElo "2081"]
[Result "1-0"]
[Round "09"]
[TimeControl "180+1"]
[Date "2021.12.07"]
[WhiteClock "0:00:12"]
[BlackClock "0:01:29"]

1. Nf3 d5 2. g3 Bg4 3. Bg2 Nf6 4. O-O e6 5. c4 c6 6. b3 Nbd7 7. Bb2 Bd6 8. d4 O-O 9. Nbd2 h6 10. Re1 Ne4 11. Ne5 Nxe5 12. dxe5 Bb4 13. Nxe4 Bxe1 14. Nd6 Bb4 15. Qd4 Bxe2 16. cxd5 c5 17. Qe3 Ba6 18. Rd1 exd5 19. Bxd5 Qe7 20. Nf5 Qg5 21. Qe4 Rfe8 22. h4 Qg6 23. Ne7+ Rxe7 24. Qxg6 Be2 25. Bxf7+ Rxf7 26. e6 Re7 27. Rd7 Rae8 28. Bxg7 Rxe6 29. Bf6+ 1-0


[Site "https://www.chess.com"]

[Event "Titled Tuesday Blitz December 7 2021"]
[White "Gabrielian, Artur"]
[Black "Kamsky, Gata"]
[WhiteFideId "4131002"]
[BlackFideId "2000024"]
[WhiteElo "2440"]
[BlackElo "2645"]
[Result "0-1"]
[Round "09"]
[TimeControl "180+1"]
[Date "2021.12.07"]
[WhiteClock "0:00:12"]
[BlackClock "0:01:10"]

1. e4 e5 2. Nc3 Nf6 3. g3 Bc5 4. Bg2 d6 5. Nge2 Nc6 6. d3 h6 7. O-O Bg4 8. h3 Be6 9. Nd5 Qd7 10. Kh2 Bxd5 11. exd5 Ne7 12. d4 exd4 13. Nxd4 O-O 14. c4 Rfe8 15. b3 Nf5 16. Nxf5 Qxf5 17. Bb2 a5 18. a3 Ne4 19. Bd4 Bxd4 20. Qxd4 Nc5 21. Qc3 Re2 22. Kg1 Rae8 23. b4 Nd3 24. Rad1 Nxf2 25. Rd2 Nxh3+ 26. Kh2 Qxf1 0-1


[Site "https://www.chess.com"]

[Event "Titled Tuesday Blitz December 7 2021"]
[White "Gaehwiler, Gabriel"]
[Black "Obolenskikh, Dmitry"]
[WhiteFideId "1314530"]
[BlackFideId "4156013"]
[WhiteElo "2383"]
[BlackElo "2512"]
[Result "1/2-1/2"]
[Round "09"]
[TimeControl "180+1"]
[Date "2021.12.07"]
[WhiteClock "0:00:08"]
[BlackClock "0:00:15"]

1. Nf3 d5 2. c4 c6 3. e3 Nf6 4. Nc3 e6 5. b3 Nbd7 6. Bb2 Bd6 7. Qc2 Qe7 8. Be2 Ba3 9. Rg1 Bxb2 10. Qxb2 e5 11. g4 h6 12. h4 Qe6 13. g5 hxg5 14. hxg5 Ne4 15. g6 f6 16. cxd5 cxd5 17. Nb5 Qb6 18. Rc1 Kd8 19. Nc7 Rb8 20. Nxd5 Qd6 21. Nc3 Ndc5 22. Nxe4 Nxe4 23. d3 Nc5 24. Qc2 b6 25. d4 exd4 26. Rd1 d3 27. Bxd3 Ke7 28. Be2 Qc7 29. b4 Na6 30. Qe4+ Kf8 31. Qd4 Bb7 32. Nh4 Qe7 33. a3 Nc7 34. Nf5 Ne6 35. Qd6 Qxd6 36. Nxd6 Rh1 37. Rxh1 Bxh1 38. Rc1 Rd8 39. Rc8 Rxc8 40. Nxc8 a5 41. Nxb6 axb4 42. axb4 Be4 43. Nc4 Bxg6 44. f4 Ke7 45. Bf3 Nc7 46. Nb6 Be8 47. Kd2 Kd6 48. Nc4+ Ke7 49. e4 Bc6 50. Ne3 g5 51. fxg5 fxg5 52. Kd3 Ne6 53. Nf5+ Kf6 54. Nd4 Bd7 55. Ke3 Ke5 56. Ne2 Nf4 57. Nxf4 gxf4+ 58. Ke2 Kd4 59. Kf2 Bb5 60. Be2 Bxe2 61. Kxe2 Kxe4 62. Kf2 Kd4 63. Kf3 Kc4 64. Kxf4 Kxb4 1/2-1/2


[Site "https://www.chess.com"]

[Event "Titled Tuesday Blitz December 7 2021"]
[White "Gasanov, Eldar"]
[Black "Vlassov, Nikolai"]
[WhiteFideId "14104466"]
[BlackFideId "4103360"]
[WhiteElo "2454"]
[BlackElo "2407"]
[Result "1-0"]
[Round "09"]
[TimeControl "180+1"]
[Date "2021.12.07"]
[WhiteClock "0:00:24"]
[BlackClock "0:00:05"]

1. d4 Nf6 2. Nf3 e6 3. g3 b5 4. Bg2 Bb7 5. O-O c5 6. b3 Na6 7. Bb2 Be7 8. e3 O-O 9. Nbd2 Rc8 10. c4 bxc4 11. Nxc4 cxd4 12. Bxd4 Nc5 13. Rc1 Ba6 14. Re1 d5 15. Nce5 Nfd7 16. b4 Nxe5 17. Nxe5 Nd7 18. Nc6 Rxc6 19. Rxc6 Bb5 20. Rc1 Bxb4 21. Bxg7 Bxe1 22. Bxf8 Bxf2+ 23. Kxf2 Kxf8 24. Qd4 Qf6+ 25. Qxf6 Nxf6 26. Bf1 Ng4+ 27. Ke1 Bxf1 28. Kxf1 Nxe3+ 29. Ke2 Nc4 30. Rb1 a5 31. Kd3 Kg7 32. Kd4 Kg6 33. Rb8 h5 34. Kc5 Kf5 35. Rf8 f6 36. Kd4 Nb6 37. Rh8 Kg4 38. Rg8+ Kf5 39. h3 Nc4 40. g4+ hxg4 41. hxg4+ Kf4 42. Rg6 e5+ 43. Kd3 Ne3 44. Rxf6+ Kxg4 45. Kxe3 Kg5 46. Rf8 Kg6 47. Ra8 Kf5 48. Rxa5 d4+ 49. Kf3 1-0


[Site "https://www.chess.com"]

[Event "Titled Tuesday Blitz December 7 2021"]
[White "Gelman, Alexander"]
[Black "Erdogdu, Mert"]
[WhiteFideId "4118316"]
[BlackFideId "6301495"]
[WhiteElo "2375"]
[BlackElo "2485"]
[Result "0-1"]
[Round "09"]
[TimeControl "180+1"]
[Date "2021.12.07"]
[WhiteClock "0:00:01"]
[BlackClock "0:00:08"]

1. d4 d5 2. Nc3 Nf6 3. Bf4 c5 4. e3 cxd4 5. exd4 a6 6. Nf3 Bg4 7. h3 Bxf3 8. Qxf3 Nc6 9. O-O-O e6 10. g4 Bd6 11. Kb1 Qc7 12. Bc1 b5 13. g5 Nd7 14. h4 Nb6 15. h5 O-O-O 16. a4 Nxa4 17. Nxa4 bxa4 18. Bxa6+ Kb8 19. Bb5 Nb4 20. c3 Nc6 21. c4 Na7 22. Ba6 Qa5 23. c5 Qxa6 24. cxd6 Rd7 25. g6 fxg6 26. hxg6 h6 27. Rhe1 Re8 28. Qh3 Qxd6 29. Rd3 Nb5 30. Rf3 Qb6 31. Rf7 Rb7 32. Ka1 Nxd4 33. Rxb7+ Qxb7 34. Qd3 Nb3+ 35. Ka2 Rc8 36. Bf4+ Ka7 37. Rxe6 Rc4 38. Be3+ Kb8 39. Bf4+ Ka7 40. Be3+ Ka8 41. Re8+ Rc8 0-1


[Site "https://www.chess.com"]

[Event "Titled Tuesday Blitz December 7 2021"]
[White "Gontcharov, Vladislav"]
[Black "Faizrakhmanov, Ramil"]
[WhiteFideId "4123492"]
[BlackFideId "24103209"]
[WhiteElo "2503"]
[BlackElo "2396"]
[Result "0-1"]
[Round "09"]
[TimeControl "180+1"]
[Date "2021.12.07"]
[WhiteClock "0:00:33"]
[BlackClock "0:00:08"]

1. Nf3 Nf6 2. c4 g6 3. Nc3 Bg7 4. e4 d6 5. d4 O-O 6. Be2 e5 7. O-O Nc6 8. d5 Ne7 9. Ne1 Nd7 10. Be3 f5 11. f3 f4 12. Bf2 g5 13. Rc1 h5 14. c5 Nxc5 15. b4 Nd7 16. Nb5 c6 17. dxc6 bxc6 18. Nxd6 Nb6 19. Nxc8 Rxc8 20. Qb3+ Kh7 21. Nd3 Ng6 22. Rfd1 Qf6 23. Nc5 g4 24. Nd7 Nxd7 25. Rxd7 g3 26. Bc5 gxh2+ 27. Kh1 Rfd8 28. Rcd1 Rxd7 29. Rxd7 Rd8 30. Be7 Nxe7 31. Rxd8 Qh4 32. Rd7 Qe1+ 33. Kxh2 Qxe2 34. Qf7 Qf2 35. Qxh5+ Kg8 36. Qg4 Ng6 37. Rd8+ Nf8 38. Rd6 Qxa2 39. Rxc6 Qf7 40. Ra6 Qb7 41. Rd6 Qxb4 42. Rd7 Nxd7 43. Qxd7 Qb6 44. Qe8+ Kh7 45. Qh5+ Qh6 0-1


[Site "https://www.chess.com"]

[Event "Titled Tuesday Blitz December 7 2021"]
[White "Goryachkina, Aleksandra"]
[Black "Vantika, Agrawal"]
[WhiteFideId "4147103"]
[BlackFideId "25050389"]
[WhiteElo "2441"]
[BlackElo "1917"]
[Result "0-1"]
[Round "09"]
[TimeControl "180+1"]
[Date "2021.12.07"]
[WhiteClock "0:00:03"]
[BlackClock "0:00:23"]

1. e4 c5 2. Nf3 d6 3. Bb5+ Nd7 4. Ba4 Nf6 5. O-O e6 6. Re1 a6 7. c4 Be7 8. Nc3 O-O 9. d3 Qc7 10. h3 b6 11. a3 Bb7 12. Bd2 Nb8 13. b4 Nc6 14. Rb1 Nd7 15. bxc5 bxc5 16. Bf4 Rab8 17. Qd2 Bf6 18. Ne2 Nde5 19. Nxe5 Nxe5 20. Ng3 Ng6 21. Be3 Bc6 22. Bxc6 Qxc6 23. Nh5 Bd4 24. Bxd4 cxd4 25. f4 Qc5 26. Ng3 Qxa3 27. f5 Ne5 28. Nh5 Rxb1 29. Rxb1 Qxd3 30. Qxd3 Nxd3 31. Rd1 Nc5 32. Rxd4 a5 33. fxe6 fxe6 34. Rxd6 a4 35. Rc6 a3 36. Rxc5 Ra8 37. Rc7 a2 38. Rxg7+ Kh8 0-1


[Site "https://www.chess.com"]

[Event "Titled Tuesday Blitz December 7 2021"]
[White "Grineva, Marianna"]
[Black "Najdin, Danil"]
[WhiteFideId "14102013"]
[BlackFideId "4172426"]
[WhiteElo "1953"]
[BlackElo "2240"]
[Result "0-1"]
[Round "09"]
[TimeControl "180+1"]
[Date "2021.12.07"]
[WhiteClock "0:00:10"]
[BlackClock "0:00:37"]

1. e4 g6 2. d4 c6 3. Nc3 d5 4. e5 Bg7 5. h3 h5 6. Bd3 Nh6 7. Nge2 Bf5 8. Ng3 Bxd3 9. Qxd3 e6 10. h4 Nd7 11. Bg5 Qb6 12. O-O-O Nf5 13. Nxf5 gxf5 14. f3 Bh6 15. g4 fxg4 16. fxg4 Bxg5+ 17. hxg5 Qd8 18. Qe3 h4 19. Rd2 Nf8 20. Rdh2 Ng6 21. Rf1 Qe7 22. Rf6 O-O-O 23. Ne2 Rdg8 24. Nf4 Nf8 25. Nh5 Nd7 26. Rxh4 Nxf6 27. gxf6 Qf8 28. g5 Rh7 29. Qf4 Rg6 30. Ng7 Qh8 31. Rg4 Rh1+ 32. Kd2 Qh3 33. b3 Rh2+ 34. Kc1 Re2 35. Nxe6 Qc3 36. Qf5 Re1# 0-1


[Site "https://www.chess.com"]

[Event "Titled Tuesday Blitz December 7 2021"]
[White "Guliev, Logman"]
[Black "Osmonbekov, Talaibek"]
[WhiteFideId "13400061"]
[BlackFideId "2017253"]
[WhiteElo "2128"]
[BlackElo "2135"]
[Result "1-0"]
[Round "09"]
[TimeControl "180+1"]
[Date "2021.12.07"]
[WhiteClock "0:01:34"]
[BlackClock "0:00:18"]

1. c4 e5 2. Nc3 d6 3. g3 f5 4. Bg2 Nf6 5. e3 Be7 6. Nge2 O-O 7. O-O Kh8 8. d3 Qe8 9. b4 Qh5 10. Nd5 Bd8 11. Nec3 Qg6 12. b5 Nbd7 13. d4 e4 14. Nf4 Qf7 15. Bb2 Nb6 16. c5 Nc4 17. Bc1 g5 18. Nfe2 d5 19. Qb3 Be6 20. a4 Qh5 21. h3 Rg8 22. f3 exf3 23. Rxf3 Ne4 24. Nxe4 fxe4 25. Rf2 Bxh3 26. Bxe4 dxe4 27. Qxc4 Bg4 28. d5 Re8 29. Bb2+ Kg8 30. d6+ Be6 31. Qd4 1-0


[Site "https://www.chess.com"]

[Event "Titled Tuesday Blitz December 7 2021"]
[White "Hakemi, Arman"]
[Black "Silva, Miguel Antonio Neto"]
[WhiteFideId "22520805"]
[BlackFideId "1911929"]
[WhiteElo "2208"]
[BlackElo "2204"]
[Result "1-0"]
[Round "09"]
[TimeControl "180+1"]
[Date "2021.12.07"]
[WhiteClock "0:00:35"]
[BlackClock "0:00:05"]

1. e4 c5 2. Nf3 d6 3. Bb5+ Nd7 4. c3 Nf6 5. Qe2 e5 6. O-O Be7 7. d4 O-O 8. Rd1 Qc7 9. d5 a6 10. Ba4 b5 11. Bc2 c4 12. b3 cxb3 13. axb3 Re8 14. Bd3 Bb7 15. Bb2 Bf8 16. Nbd2 g6 17. b4 Nb6 18. Ra5 Na4 19. Nf1 Rec8 20. Rc1 Bh6 21. Ne3 Bxe3 22. fxe3 Nxb2 23. Qxb2 Qb6 24. Qd2 Rc7 25. h3 Rac8 26. Ra3 Nh5 27. Kh2 h6 28. g4 Nf6 29. Rf1 Kg7 30. Nh4 Rc4 31. Bxc4 Rxc4 32. Qf2 Qd8 33. Ra2 Qe7 34. Qe1 Rxe4 35. Raf2 Nxd5 36. Rxf7+ Qxf7 37. Rxf7+ Kxf7 38. Ng2 Rc4 39. Qd2 Ke6 40. Qf2 Rxc3 41. Qf8 Ne7 42. Kg3 Bxg2 43. Kxg2 Rxe3 44. Qa8 Rb3 45. Qxa6 Rxb4 46. Qa5 Rb2+ 47. Kg3 Nc6 48. Qa3 Rd2 49. Qb3+ Rd5 50. h4 Nd4 51. Qa2 b4 52. Qc4 b3 53. Qc7 Rb5 54. Qc8+ Kd5 55. Qg8+ Kc5 56. Qc8+ Kb4 57. Qf8 b2 58. Qxd6+ Kb3 59. Qxg6 Kc3 60. Qb1 Ra5 61. Qe1+ Kc2 62. Qxa5 b1=Q 63. Qxe5 Qg1+ 64. Kh3 Qf1+ 65. Kg3 Ne2+ 66. Kh2 Qf2+ 67. Kh3 Qg3+ 68. Qxg3 1-0


[Site "https://www.chess.com"]

[Event "Titled Tuesday Blitz December 7 2021"]
[White "Halkias, Stelios"]
[Black "Pacheco Lugo, Alejandro Jose"]
[WhiteFideId "4201809"]
[BlackFideId "3903745"]
[WhiteElo "2575"]
[BlackElo "2125"]
[Result "1-0"]
[Round "09"]
[TimeControl "180+1"]
[Date "2021.12.07"]
[WhiteClock "0:00:47"]
[BlackClock "0:00:09"]

1. d4 Nf6 2. c4 e6 3. Nc3 Bb4 4. e3 O-O 5. Bd2 d5 6. Nf3 b6 7. cxd5 exd5 8. Rc1 a6 9. Bd3 Bb7 10. O-O Re8 11. Ne5 c5 12. f4 Nc6 13. a3 Ba5 14. Be1 cxd4 15. exd4 Nxd4 16. b4 Ne4 17. Nxe4 dxe4 18. Bc4 Rf8 19. bxa5 b5 20. Bf2 e3 21. Bxe3 Nf5 22. Bxf7+ Rxf7 23. Qxd8+ Rxd8 24. Nxf7 Kf8 25. Bf2 1-0


[Site "https://www.chess.com"]

[Event "Titled Tuesday Blitz December 7 2021"]
[White "Dronavalli, Harika"]
[Black "Cvetanovic, Uros"]
[WhiteFideId "5015197"]
[BlackFideId "900672"]
[WhiteElo "2382"]
[BlackElo "2282"]
[Result "1-0"]
[Round "09"]
[TimeControl "180+1"]
[Date "2021.12.07"]
[WhiteClock "0:01:06"]
[BlackClock "0:00:10"]

1. Nf3 Nf6 2. c4 e6 3. g3 d5 4. b3 Be7 5. Bg2 O-O 6. O-O c6 7. Bb2 Nbd7 8. d4 dxc4 9. bxc4 c5 10. e3 Nb6 11. Nbd2 Qc7 12. Qb3 Rd8 13. a4 Nbd7 14. a5 Rb8 15. Rfc1 b6 16. axb6 Nxb6 17. Qa2 Bb7 18. Nb3 Nfd7 19. Na5 Ba8 20. Bc3 Bf6 21. Rab1 cxd4 22. exd4 Bxf3 23. Bxf3 Nf8 24. Nc6 Rbc8 25. Nxd8 Rxd8 26. c5 Nd5 27. Ba5 Qd7 28. Bxd8 Qxd8 29. Bxd5 exd5 30. Qxa7 Bxd4 31. Qa2 Ne6 32. c6 g6 33. Qd2 Kg7 34. c7 Qf6 35. c8=Q Ng5 36. Qg4 Ne4 37. Qxe4 dxe4 38. Re1 Qf3 39. Qe2 Qf5 40. Rbd1 Bc5 41. Rf1 Qe6 42. Qb2+ Kh6 43. Qc1+ Kh5 44. Qxc5+ Kg4 45. Qe3 Qf5 46. Qf4+ Qxf4 47. gxf4 Kxf4 48. Rd7 f5 49. Rxh7 g5 50. Ra1 Kf3 51. Ra3+ Kf4 52. h3 Ke5 53. Ra5+ Kf4 54. Rf7 Kf3 1-0


[Site "https://www.chess.com"]

[Event "Titled Tuesday Blitz December 7 2021"]
[White "Holtel, Jasper"]
[Black "Saraci, Nderim"]
[WhiteFideId "12956376"]
[BlackFideId "6351921"]
[WhiteElo "2380"]
[BlackElo "2479"]
[Result "0-1"]
[Round "09"]
[TimeControl "180+1"]
[Date "2021.12.07"]
[WhiteClock "0:00:02"]
[BlackClock "0:00:26"]

1. d4 d5 2. c4 c6 3. Nc3 e6 4. e4 Bb4 5. e5 dxc4 6. Bxc4 Ne7 7. Nf3 Nd5 8. Bd2 Nd7 9. Nxd5 Bxd2+ 10. Qxd2 cxd5 11. Bd3 h6 12. O-O Nb8 13. Rac1 Nc6 14. Qf4 Bd7 15. Qg4 O-O 16. Bb1 Rc8 17. h4 f5 18. exf6 Qxf6 19. Ne5 Nxe5 20. dxe5 Qxf2+ 21. Rxf2 Rxc1+ 22. Kh2 Rxf2 23. Qg6 Kf8 24. Qh7 Be8 25. Qh8+ Kf7 26. Bg6+ Kxg6 27. Qxe8+ Kh7 28. Qxe6 Rd1 29. h5 Rf8 30. Qg6+ Kh8 31. Qd6 Rg8 32. e6 Re1 33. Qxd5 Re8 34. Qxb7 a5 35. Qb5 R8xe6 36. Qxa5 R1e5 37. Qa8+ Kh7 38. b4 Rxh5+ 39. Kg1 Rg5 40. a4 Rg4 41. b5 Re1+ 42. Kf2 Ra1 43. b6 Rgxa4 44. Qc6 R1a2+ 45. Kg3 Rb4 0-1


[Site "https://www.chess.com"]

[Event "Titled Tuesday Blitz December 7 2021"]
[White "Horvath, Dominik"]
[Black "Aradhya, Garg"]
[WhiteFideId "1642561"]
[BlackFideId "25006746"]
[WhiteElo "2336"]
[BlackElo "2176"]
[Result "0-1"]
[Round "09"]
[TimeControl "180+1"]
[Date "2021.12.07"]
[WhiteClock "0:00:25"]
[BlackClock "0:00:10"]

1. e4 c5 2. Nf3 d6 3. d4 Nf6 4. Nc3 cxd4 5. Nxd4 a6 6. Qe2 g6 7. Bg5 Bg7 8. O-O-O Nbd7 9. f4 Qa5 10. g4 h6 11. Bh4 e5 12. Nb3 Qc7 13. f5 b5 14. fxg6 fxg6 15. Qd2 Bb7 16. Qxd6 Qxd6 17. Rxd6 Nxe4 18. Nxe4 Bxe4 19. Rxd7 Bf8 20. Bxb5 axb5 21. Rhd1 Bf3 22. Rd8+ Rxd8 23. Rxd8+ Kf7 24. h3 h5 25. g5 Bg2 26. Rd3 e4 27. Rg3 Bf3 28. Nd4 Bd6 29. Rg1 Bf4+ 30. Kb1 Be3 31. Nxf3 Bxg1 32. Nxg1 Ke6 33. Bf2 Rf8 34. Be3 Rf1+ 35. Bc1 Rxg1 36. c3 e3 37. Kc2 e2 0-1


[Site "https://www.chess.com"]

[Event "Titled Tuesday Blitz December 7 2021"]
[White "Ianov, Viktor"]
[Black "Saydaliev, Saidakbar"]
[WhiteFideId "14102730"]
[BlackFideId "14203693"]
[WhiteElo "2307"]
[BlackElo "2279"]
[Result "1-0"]
[Round "09"]
[TimeControl "180+1"]
[Date "2021.12.07"]
[WhiteClock "0:01:19"]
[BlackClock "0:01:08"]

1. Nf3 Nf6 2. g3 g6 3. b3 Bg7 4. Bb2 O-O 5. Bg2 c5 6. c4 Nc6 7. O-O d6 8. d4 Rb8 9. Nc3 Bf5 10. e3 cxd4 11. exd4 d5 12. Re1 dxc4 13. bxc4 Na5 14. Ne5 Rc8 15. Qe2 Re8 16. Rac1 Qxd4 17. Nb5 Qc5 18. Bd4 Qb4 19. Nxa7 Nd7 20. Nxc8 Rxc8 21. Bc3 Qa4 22. Nxd7 Bxc3 23. Rxc3 Qxd7 24. Qxe7 Qd2 25. Qe3 Qb2 26. c5 Be6 27. a4 Nc4 28. Qc1 Qb4 29. Rxe6 fxe6 30. Rxc4 Qa5 31. Bxb7 1-0


[Site "https://www.chess.com"]

[Event "Titled Tuesday Blitz December 7 2021"]
[White "Ibrahimli, Murad"]
[Black "Korchmar, Vasiliy"]
[WhiteFideId "13410229"]
[BlackFideId "24131750"]
[WhiteElo "2109"]
[BlackElo "2370"]
[Result "1-0"]
[Round "09"]
[TimeControl "180+1"]
[Date "2021.12.07"]
[WhiteClock "0:00:50"]
[BlackClock "0:00:04"]

1. c4 c6 2. Nc3 d5 3. cxd5 cxd5 4. d4 Nf6 5. Bf4 Nc6 6. e3 Bg4 7. Qb3 Na5 8. Qa4+ Bd7 9. Qc2 Rc8 10. Nf3 e6 11. Ne5 Bb4 12. Bd3 Ne4 13. Bxe4 dxe4 14. Nxd7 Qxd7 15. O-O Nc4 16. Rfc1 Bxc3 17. Qxc3 O-O 18. b3 Ne5 19. Qa5 Nd3 20. Rxc8 Rxc8 21. Qxa7 Qc6 22. h3 h6 23. Bg3 Nc1 24. Kh2 Qc3 25. Qxb7 Rf8 26. Rb1 Qc2 27. Rxc1 Qxc1 28. Qxe4 Qb2 29. Qc6 Qxa2 30. b4 Qb1 31. b5 h5 32. b6 h4 33. Bd6 Rd8 34. Qc7 Ra8 35. b7 1-0


[Site "https://www.chess.com"]

[Event "Titled Tuesday Blitz December 7 2021"]
[White "Itkis, Boris"]
[Black "Obolentseva, Alexandra"]
[WhiteFideId "1209167"]
[BlackFideId "24153648"]
[WhiteElo "2207"]
[BlackElo "2113"]
[Result "1/2-1/2"]
[Round "09"]
[TimeControl "180+1"]
[Date "2021.12.07"]
[WhiteClock "0:00:21"]
[BlackClock "0:00:37"]

1. c4 Nf6 2. Nf3 g6 3. g3 Bg7 4. Bg2 O-O 5. O-O d6 6. d4 c5 7. Nc3 cxd4 8. Nxd4 Nc6 9. Nc2 Be6 10. b3 Qd7 11. Bb2 Rfd8 12. Nd5 Nh5 13. Bxg7 Nxg7 14. Nd4 Nxd4 15. Qxd4 Nf5 16. Qd3 Rac8 17. Rac1 b6 18. Rfd1 Ng7 19. Qd2 Re8 20. Ne3 Bh3 21. Bd5 Nf5 22. Nxf5 Qxf5 23. a4 Qh5 24. Bf3 Bg4 25. Bxg4 Qxg4 26. f3 Qh5 27. Qd5 Qxd5 28. Rxd5 Rc5 29. b4 Rc7 30. e4 Rec8 31. Rd4 Rc6 32. Kf2 e5 33. b5 Rc5 34. Rxd6 Rxc4 35. Rd8+ Rxd8 36. Rxc4 Rd2+ 37. Ke3 Ra2 38. h4 Ra3+ 39. Ke2 Kg7 40. g4 1/2-1/2


[Site "https://www.chess.com"]